 Dungeon Crawl Stone Soup version 0.31-a0-848-gaac375c287 (console) character file.

Game seed: 1092997827184095275

12786 snuffles the Nimble (level 11, -6/89 HPs)
             Began as a Gnoll Monk on Oct 5, 2023.
             Was an Elder of Wu Jian.
             Killed from afar by an ironbound thunderhulk (35 damage)
             ... with a bolt of lightning
             ... summoned by a worldbinder
             ... in a Gauntlet.
             The game lasted 00:32:15 (12566 turns).

snuffles the Nimble (Gnoll Monk)                   Turns: 12566, Time: 00:32:16

Health: -6/89      AC: 15    Str:  8    XL:     11   Next: 98%
Magic:  21/21      EV: 19    Int:  9    God:    Wu Jian [****..]
Gold:   573        SH:  7    Dex: 26    Spells: 19/23 levels left

rFire   + . .        a - +0 double sword
rCold   . . .        q - +0 buckler
rNeg    + . .        h - +2 leather armour of Lust {+Blink Str-3 Dex+4}
rPois   +            l - +1 helmet {SInv}
rElec   .            (no cloak)
rCorr   .            M - +0 pair of gloves
SInv    +            j - +1 pair of boots
Will    .....        e - amulet of the acrobat
Stlth   ++++         i - ring of Scepticism {rF+ rN+ AC+4 Dex+3}
HPRegen 0.34/turn    S - ring of poison resistance
MPRegen 0.17/turn

%: no teleportation, acrobat
@: weak-willed
A: fangs 1, strong nose, distributed training
a: Renounce Religion, Evoke Blink, Wall Jump, Serpent's Lash


You were in a Gauntlet.
You worshipped Wu Jian.
Wu Jian was greatly pleased with you.
You visited 3 branches of the dungeon, and saw 13 of its levels.
You also visited: Gauntlet.

You collected 623 gold pieces.
You spent 50 gold pieces at shops.

Inventory:

Hand Weapons
 a - a +0 double sword (weapon)
 b - a +2 rapier of speed
 o - a +0 trident of pain
 x - a +6 flail of protection
 U - a +0 long sword
Missiles
 g - 19 poisoned darts
 H - a throwing net
 W - a curare-tipped dart
Armour
 d - an orb of light
 h - the +2 leather armour of Lust (worn) {+Blink Str-3 Dex+4}
   (You found it on level 4 of the Dungeon)

   Str-3:     It affects your strength (-3).
   Dex+4:     It affects your dexterity (+4).
   +Blink:    It lets you blink.
 j - a +1 pair of boots (worn)
 l - a +1 helmet of see invisible (worn)
 q - a +0 buckler (worn)
 J - a +1 ring mail of fire resistance
 M - a +0 pair of gloves (worn)
 T - a +0 kite shield
Jewellery
 e - an amulet of the acrobat (around neck)
 f - a +4 ring of slaying
 i - the ring of Scepticism (left hand) {rF+ rN+ AC+4 Dex+3}
   (You found it on level 1 of the Lair of Beasts)

   [ring of protection]

   AC+4:      It affects your AC (+4).
   Dex+3:     It affects your dexterity (+3).
   rF+:       It protects you from fire.
   rN+:       It protects you from negative energy.
 v - an amulet of guardian spirit
 C - a ring of flight
 S - a ring of poison resistance (right hand)
 V - a ring of willpower
Talismans
 L - a blade talisman
Wands
 p - a wand of flame (10)
 B - a wand of roots (4)
 I - a wand of acid (12)
 K - a wand of paralysis (7)
Scrolls
 k - a scroll of enchant armour
 s - 2 scrolls of vulnerability
 D - a scroll of fog
 F - 3 scrolls of teleportation
 Q - a scroll of poison
Potions
 c - a potion of ambrosia
 n - 3 potions of heal wounds
 t - a potion of magic
 w - 4 potions of curing
 z - 5 potions of lignification
 E - 2 potions of might
 G - a potion of enlightenment
 N - 2 potions of mutation
 O - 3 potions of haste
 R - a potion of attraction {unknown}


   Skills:
 + Level 9.6 Fighting
 + Level 6.9 Short Blades
 + Level 9.6 Long Blades
 + Level 6.9 Axes
 + Level 6.9 Maces & Flails
 + Level 6.9 Polearms
 + Level 6.9 Staves
 + Level 6.9 Ranged Weapons
 + Level 6.9 Throwing
 + Level 6.9 Armour
 + Level 9.6 Dodging
 + Level 6.9 Stealth
 + Level 6.9 Shields
 + Level 6.9 Unarmed Combat
 + Level 6.9 Spellcasting
 + Level 5.7 Conjurations
 + Level 5.7 Hexes
 + Level 5.7 Summonings
 + Level 5.7 Necromancy
 + Level 5.7 Translocations
 + Level 5.7 Transmutations
 + Level 5.7 Fire Magic
 + Level 5.7 Ice Magic
 + Level 5.7 Air Magic
 + Level 5.7 Earth Magic
 + Level 5.7 Poison Magic
 + Level 7.6 Invocations
 + Level 6.9 Evocations
 + Level 6.3 Shapeshifting


You had 19 spell levels left.
You knew the following spells:

 Your Spells              Type           Power      Damage    Failure   Level
a - Passwall              Tmut/Erth      10%        N/A       5%          2
b - Ensorcelled Hibernat  Hex/Ice        26%        N/A       5%          2

Your spell library contained the following spells:

 Spells                   Type           Power      Damage    Failure   Level
 Lesser Beckoning         Tloc           26%        N/A       5%          2
 Gell's Gravitas          Tloc           13%        N/A       11%         3
 Swiftness                Air            13%        N/A       11%         3
 Teleport Other           Tloc           13%        N/A       11%         3


Dungeon Overview and Level Annotations

Branches:
Dungeon (10/15)            Temple (1/1) D:5            Lair (2/5) D:10
    Orc (0/2) D:9         Gauntlet (1/1)
  Swamp: Lair:2-3    Shoals: Lair:2-3     Snake: Lair:2-3    Spider: Lair:2-3

Altars:
Ashenzari
Cheibriados
Dithmenos
Elyvilon
Fedhas
Gozag
Hepliaklqana
Kikubaaqudgha
Makhleb
Nemelex Xobeh
Okawaru
Qazlal
Ru
Sif Muna
Trog
Uskayaw
Vehumet
Wu Jian
Xom
Yredelemnul
Zin
The Shining One
Lugonu

Shops:
D:4 *   D:7 *

Annotations:
D:3 1 runed translucent door, lunkers's ghost, amateur MeSh
D:4 1 runed translucent door, Crazy Yiuf
D:5 Edmund Gauntlet 7 transporters, exclusion: lightning spire


Innate Abilities, Weirdness & Mutations

You have very sharp teeth.
Your uncanny sense of smell can sniff out nearby items.
Your experience applies equally to all skills.


Message History

The worldbinder misses you.
The ironbound thunderhulk yells, "Help!"
Strange energies crackle from the ironbound thunderhulk's apparatus.
The ironbound thunderhulk blinks!
Aiming: Paralyse
Press: ? - help, Shift-Dir - straight line, f/p - worldbinder
Aim: a worldbinder (chance to affect: 31%)
The worldbinder easily resists.
The ironbound thunderhulk seems to regain its courage.
The worldbinder completely misses you.
The worldbinder hits you but does no damage.
Electricity crackles from the ironbound thunderhulk's apparatus.
The bolt of lightning misses you. You block the worldbinder's attack.
The worldbinder hits you but does no damage.
Aiming: Paralyse
Press: ? - help, Shift-Dir - straight line, f/p - worldbinder
Aim: a worldbinder (chance to affect: 31%)
The worldbinder easily resists.
You block the worldbinder's attack. The worldbinder closely misses you.
Okay, then.
You spin and attack the worldbinder.
You hit the worldbinder but do no damage.
The worldbinder barely misses you.
The worldbinder hits you but does no damage.
You feel much better.
The green very ugly thing seems to regain its courage.
You block the worldbinder's attack.
The worldbinder hits you but does no damage.
The red very ugly thing tentacle-slaps you but does no damage.
The worldbinder closely misses you.
The worldbinder hits you but does no damage.
Really read the scroll of vulnerability?
As you read the scroll of vulnerability, it crumbles to dust.
Magic quickly surges around you.
You block the red very ugly thing's attack.
The worldbinder misses you.
The worldbinder hits you but does no damage.
Electricity crackles from the ironbound thunderhulk's apparatus.
The bolt of lightning hits you!!
You die...

###..#.....#.###...#..##.##..#.
#..#.##.##...#.8.#..[.§....#.
###..###########...###########.
#8#.....#.©.#....≈.............
###...8.#...#...≈8≈...........§
#.....#.©.#....≈.............
###..###########...###########.
#8#..##....O..##.8.#.§..4≈≈..#.
###..#.#.....#@#...#5§..5..≈.#.
#..#O.#...#ux#####.≈§§§§.≈©#.
###..#...#©#...#...#.5§...§.≈#.
#8#..#....#....#©.©#≈≈.≈.§§§≈#.
###..#...#.#...#...#.≈.≈§≈.≈.#.
#..#..#...#..#####..≈.§§§≈.#.
###..#.#.....#.#...#.≈.§.§§≈.#.
#8#..##.!"©...##.8.#!5..©.§§)#.
###..###########...###########.


You could see a red very ugly thing (summoned, weak-willed), an ironbound
thunderhulk (summoned, weak-willed), a worldbinder (weak-willed) and 3 crimson
imps.

Vanquished Creatures
  2 two-headed ogres (D:10)
  Nergalle (Lair:1)
  An ugly thing (D:10)
  A worldbinder (Gauntlet)
  4 elephants (D:10)
  A rust devil (Gauntlet)
  2 black mambas (Lair:1)
  2 cane toads (Lair:1)
  A polar bear (Lair:1)
  A hornet (D:7)
  A ynoxinul (Gauntlet)
  2 wraiths
  6 yaks
  2 wyverns
  2 basilisks
  6 water moccasins
  An acid dragon (D:10)
  3 orc warriors
  2 sky beasts
  2 black bears
  6 boggarts (Gauntlet)
  4 ogres
  2 centaurs
  2 kobold brigands
  2 phantoms
  10 bullfrogs
  A gnoll sergeant (D:9)
  2 scorpions
  4 wights (D:8)
  5 killer bees (D:9)
  4 electric eels (D:8)
  7 orc priests
  5 hounds
  4 iron imps (Gauntlet)
  A gnoll bouda (D:9)
  2 iguanas
  8 orc wizards
  Terence (D:3)
  Robin (D:3)
  15 gnolls
  12 adders
  3 shadow imps
  A white imp (D:5)
  2 ufetubi (D:7)
  A worm (D:2)
  3 dart slugs
  27 orcs
  4 ball pythons
  5 endoplasms
  2 giant cockroaches
  13 goblins
  7 hobgoblins
  5 jackals (D:2)
  2 quokkas
  3 bats
  2 frilled lizards
  16 kobolds
  3 rats
240 creatures vanquished.

Vanquished Creatures (others)
  An orc (D:8)
1 creature vanquished.

Grand Total: 241 creatures vanquished

Notes
Turn   | Place    | Note
-------+----------+-------------------------------------------
     0 | D:1      | snuffles the Gnoll Monk began the quest for the Orb.
     0 | D:1      | Reached XP level 1. HP: 23/23 MP: 1/1
   563 | D:1      | Found a faded altar of an unknown god.
   567 | D:1      | Reached XP level 2. HP: 29/29 MP: 2/2
  1014 | D:2      | Reached XP level 3. HP: 31/35 MP: 2/4
  1069 | D:2      | Reached skill level 1 in Invocations
  1089 | D:2      | Reached skill level 1 in Short Blades
  1089 | D:2      | Reached skill level 1 in Axes
  1089 | D:2      | Reached skill level 1 in Maces & Flails
  1089 | D:2      | Reached skill level 1 in Polearms
  1089 | D:2      | Reached skill level 1 in Staves
  1089 | D:2      | Reached skill level 1 in Ranged Weapons
  1089 | D:2      | Reached skill level 1 in Throwing
  1089 | D:2      | Reached skill level 1 in Armour
  1089 | D:2      | Reached skill level 1 in Stealth
  1089 | D:2      | Reached skill level 1 in Shields
  1089 | D:2      | Reached skill level 1 in Unarmed Combat
  1089 | D:2      | Reached skill level 1 in Spellcasting
  1089 | D:2      | Reached skill level 1 in Evocations
  1185 | D:2      | Reached skill level 1 in Shapeshifting
  1185 | D:2      | Reached XP level 4. HP: 41/41 MP: 5/5
  1321 | D:2      | Reached skill level 1 in Conjurations
  1321 | D:2      | Reached skill level 1 in Hexes
  1321 | D:2      | Reached skill level 1 in Summonings
  1321 | D:2      | Reached skill level 1 in Necromancy
  1321 | D:2      | Reached skill level 1 in Translocations
  1321 | D:2      | Reached skill level 1 in Transmutations
  1321 | D:2      | Reached skill level 1 in Fire Magic
  1321 | D:2      | Reached skill level 1 in Ice Magic
  1321 | D:2      | Reached skill level 1 in Air Magic
  1321 | D:2      | Reached skill level 1 in Earth Magic
  1321 | D:2      | Reached skill level 1 in Poison Magic
  1437 | D:2      | Reached XP level 5. HP: 47/47 MP: 5/7
  1644 | D:3      | Noticed Terence
  1813 | D:3      | Noticed Robin
  1824 | D:3      | Killed Robin
  2011 | D:3      | Found a white marble altar of Elyvilon.
  2091 | D:3      | Found a runed translucent door.
  2192 | D:3      | Killed Terence
  2193 | D:3      | Reached XP level 6. HP: 53/53 MP: 8/8
  2409 | D:3      | Noticed lunkers's ghost (amateur MeSh)
  2479 | D:4      | Identified the +2 leather armour of Lust {+Blink Str-3
                  | Dex+4}
  2659 | D:4      | Found a shimmering blue altar of Sif Muna.
  2732 | D:4      | Found an ornate altar of the Wu Jian Council.
  2735 | D:4      | Found a hazy altar of Hepliaklqana.
  2743 | D:4      | Became a worshipper of the Wu Jian Council
  2743 | D:4      | Reached * piety under Wu Jian
  2743 | D:4      | Reached ** piety under Wu Jian
  2912 | D:4      | Found a runed translucent door.
  2913 | D:4      | Noticed Crazy Yiuf
  2957 | D:4      | Found an iron altar of Okawaru.
  3111 | D:4      | Found Ahuumuza's Lightly-Used Armoury.
  3294 | D:5      | Entered Level 5 of the Dungeon
  3303 | D:5      | Found a staircase to the Ecumenical Temple.
  3319 | Temple   | Entered the Ecumenical Temple
  3415 | D:5      | Reached XP level 7. HP: 60/60 MP: 10/10
  3451 | D:5      | Noticed Edmund
  3715 | D:5      | Found a shadowy altar of Dithmenos.
  4154 | D:5      | Reached XP level 8. HP: 63/67 MP: 10/12
  4608 | D:6      | Found a glowing silver altar of Zin.
  4621 | D:6      | Found a snail-covered altar of Cheibriados.
  4692 | D:6      | Found a basalt altar of Yredelemnul.
  4717 | D:7      | Noticed a hornet
  4895 | D:7      | Found a sparkling altar of Nemelex Xobeh.
  5189 | D:7      | Reached *** piety under Wu Jian
  5203 | D:7      | Reached XP level 9. HP: 68/73 MP: 14/14
  5375 | D:7      | Killed a hornet
  5575 | D:7      | Found Heap's Elemental Accessories.
  6438 | D:8      | Found a broken altar of Ashenzari.
  6439 | D:8      | Found a burning altar of Makhleb.
  6443 | D:8      | Found an ancient bone altar of Kikubaaqudgha.
  6448 | D:8      | Found a stormy altar of Qazlal.
  6963 | D:8      | Reached skill level 5 in Invocations
  7941 | D:9      | Learned a level 2 spell: Passwall
  8043 | D:9      | Reached XP level 10. HP: 68/80 MP: 17/17
  8076 | D:9      | Found a staircase to the Orcish Mines.
  8218 | D:9      | Reached skill level 5 in Short Blades
  8218 | D:9      | Reached skill level 5 in Axes
  8218 | D:9      | Reached skill level 5 in Maces & Flails
  8218 | D:9      | Reached skill level 5 in Polearms
  8218 | D:9      | Reached skill level 5 in Staves
  8218 | D:9      | Reached skill level 5 in Ranged Weapons
  8218 | D:9      | Reached skill level 5 in Throwing
  8218 | D:9      | Reached skill level 5 in Armour
  8218 | D:9      | Reached skill level 5 in Stealth
  8218 | D:9      | Reached skill level 5 in Shields
  8218 | D:9      | Reached skill level 5 in Unarmed Combat
  8218 | D:9      | Reached skill level 5 in Spellcasting
  8218 | D:9      | Reached skill level 5 in Evocations
  8418 | D:9      | Reached **** piety under Wu Jian
  9124 | D:4      | Bought a -2 double sword for 50 gold pieces
  9250 | D:10     | Entered Level 10 of the Dungeon
  9253 | D:10     | Noticed a two-headed ogre
  9264 | D:10     | Killed a two-headed ogre
  9265 | D:10     | Reached skill level 5 in Shapeshifting
  9577 | D:10     | Noticed a green ugly thing
  9588 | D:10     | Killed a green ugly thing
  9738 | D:10     | Noticed a two-headed ogre
  9745 | D:10     | Killed a two-headed ogre
  9772 | D:10     | Reached XP level 11. HP: 87/87 MP: 19/19
  9836 | D:10     | Found a sacrificial altar of Ru.
 10008 | D:10     | Reached skill level 5 in Conjurations
 10008 | D:10     | Reached skill level 5 in Hexes
 10008 | D:10     | Reached skill level 5 in Summonings
 10008 | D:10     | Reached skill level 5 in Necromancy
 10008 | D:10     | Reached skill level 5 in Translocations
 10008 | D:10     | Reached skill level 5 in Transmutations
 10008 | D:10     | Reached skill level 5 in Fire Magic
 10008 | D:10     | Reached skill level 5 in Ice Magic
 10008 | D:10     | Reached skill level 5 in Air Magic
 10008 | D:10     | Reached skill level 5 in Earth Magic
 10008 | D:10     | Reached skill level 5 in Poison Magic
 10020 | D:10     | Learned a level 2 spell: Ensorcelled Hibernation
 10269 | D:10     | Found a staircase to the Lair.
 10752 | Lair:1   | Entered Level 1 of the Lair of Beasts
 11240 | Lair:1   | Identified the ring of Scepticism {rF+ rN+ AC+4 Dex+3}
 11683 | Lair:1   | Noticed Nergalle
 11691 | Lair:1   | Killed Nergalle
 12038 | Lair:2   | Found a gate leading to a gauntlet.
 12059 | Gauntlet | Entered a Gauntlet
 12059 | Gauntlet | Found a transporter.
 12059 | Gauntlet | Found a transporter.
 12085 | Gauntlet | Found a transporter.
 12085 | Gauntlet | Found a transporter.
 12088 | Gauntlet | Found a transporter.
 12092 | Gauntlet | Noticed a fire crab
 12102 | Gauntlet | Found a transporter.
 12163 | Gauntlet | Found a transporter.
 12168 | Gauntlet | Noticed a worldbinder
 12173 | Gauntlet | Found a transporter.
 12188 | Gauntlet | Found a transporter.
 12190 | Gauntlet | Noticed a worldbinder
 12198 | Gauntlet | Found a transporter.
 12213 | Gauntlet | Found a transporter.
 12219 | Gauntlet | Found a transporter.
 12441 | Gauntlet | Noticed a deep elf zephyrmancer
 12441 | Gauntlet | Noticed a deep elf pyromancer
 12441 | Gauntlet | Noticed a deep elf zephyrmancer
 12448 | Gauntlet | Noticed a deep elf zephyrmancer
 12449 | Gauntlet | Killed a worldbinder
 12536 | Gauntlet | Noticed a cyan very ugly thing
 12538 | Gauntlet | Noticed a purple very ugly thing
 12538 | Gauntlet | Noticed an ironbound thunderhulk
 12546 | Gauntlet | Noticed a white very ugly thing
 12546 | Gauntlet | Noticed an ironbound thunderhulk
 12548 | Gauntlet | Noticed a green very ugly thing
 12557 | Gauntlet | Noticed a red very ugly thing
 12557 | Gauntlet | Noticed a green very ugly thing
 12557 | Gauntlet | Noticed an ironbound thunderhulk
 12566 | Gauntlet | Killed from afar by an ironbound thunderhulk

Illustrated notes

Levels and vault maps discovered:
D:1:      dpeg_arrival_rooms_b, layout_basic,
          ebering_ecumenical_altar_sacrificial, chequers_serial_rivers_large_b,
          nicolae_kite_square_tiling_tiny
D:2:      layout_rooms, chequers_decorated_corner
D:3:      layout_loops_ring, mainiacjoe_overflow_cross_hatched,
          ebering_ghost_sewer_d, uniq_robin, uniq_terence
D:4:      layout_loops_ring, minitemple, lemuel_round_altar,
          minmay_shop_damaged, minmay_tree_intersection, kennysheep_diamond,
          nicolae_twisty_statue_hallways, uniq_crazy_yiuf_cottage
D:5:      layout_loops_ring, nicolae_dithmenos_through_a_glass_darkly,
          minmay_temple_entry_statues_fountains, hangedman_decor_lopped,
          hangedman_abyss_or_decor_jellyfish_corner, hangedman_decor_growths,
          grunt_ministairs_3, uniq_edmund
D:6:      layout_basic, overflow_temple_1_default,
          amethyst_overflow_temple_binary
D:7:      layout_layer_cave, nemelex_dance_club_becter, chequers_mini_garden,
          nicolae_elemental_shop, grunt_ogre_cave
D:8:      layout_basic, nicolae_overflow_macrodata_refinement
D:9:      layout_basic, orc_david_3, kennysheep_generic_room_15
D:10:     layout_grid_maze, mainiacjoe_overflow_24_doors, david_lair_generic,
          grunt_decor_mini_mirrors
Temple:   corrupted_temple
Lair:1:   layout_cellular_growth, minivault_27, uniq_nergalle
Lair:2:   layout_long_grid, gauntlet_entry_generic,
          grunt_forest_large_clearings, infiniplex_staircase_pool
Gauntlet: gammafunk_gauntlet_shortcut [nicolae_gauntlet_swirl,
          gammafunk_gauntlet_arena_arrow_garden,
          nicolae_gauntlet_arena_quarters, gammafunk_gauntlet_arena_crates,
          nicolae_gauntlet_arena_x, nicolae_gauntlet_arena_flowing_pool,
          gauntlet_exit_watery]

Skill      XL: |  1  2  3  4  5  6  7  8  9 10 11 |
---------------+----------------------------------+-----
Invocations    | 1 2 3 4 5 6 7 |  7.6
Short Blades   | 1 2 3 4 5 6 |  6.9
Axes           | 1 2 3 4 5 6 |  6.9
Maces & Flails | 1 2 3 4 5 6 |  6.9
Polearms       | 1 2 3 4 5 6 |  6.9
Staves         | 1 2 3 4 5 6 |  6.9
Ranged Weapons | 1 2 3 4 5 6 |  6.9
Throwing       | 1 2 3 4 5 6 |  6.9
Armour         | 1 2 3 4 5 6 |  6.9
Stealth        | 1 2 3 4 5 6 |  6.9
Shields        | 1 2 3 4 5 6 |  6.9
Unarmed Combat | 1 2 3 4 5 6 |  6.9
Spellcasting   | 1 2 3 4 5 6 |  6.9
Evocations     | 1 2 3 4 5 6 |  6.9
Shapeshifting  | 1 2 3 4 5 6 |  6.3
Conjurations   | 1 2 3 4 5 |  5.7
Hexes          | 1 2 3 4 5 |  5.7
Summonings     | 1 2 3 4 5 |  5.7
Necromancy     | 1 2 3 4 5 |  5.7
Translocations | 1 2 3 4 5 |  5.7
Transmutations | 1 2 3 4 5 |  5.7
Fire Magic     | 1 2 3 4 5 |  5.7
Ice Magic      | 1 2 3 4 5 |  5.7
Air Magic      | 1 2 3 4 5 |  5.7
Earth Magic    | 1 2 3 4 5 |  5.7
Poison Magic   | 1 2 3 4 5 |  5.7
Fighting       | 7 8 9 |  9.6
Long Blades    | 7 8 9 |  9.6
Dodging        | 7 8 9 |  9.6

Action                     |  1- 3 |  4- 6 |  7- 9 | 10-12 || total
---------------------------+-------+-------+-------+-------++-------
  Melee: Falchion          |    26 |   113 |   169 |       ||   308
         Bite              |     3 |    12 |    42 |    53 ||   110
         Long sword        |       |       |    62 |   243 ||   305
         Flail             |       |       |     9 |       ||     9
         Rapier            |       |       |       |    13 ||    13
         Double sword      |       |       |       |    57 ||    57
  Throw: Dart              |    16 |    23 |    18 |     9 ||    66
   Cast: Ensorcelled Hiber |       |       |       |    22 ||    22
Ability: Lunge             |       |     7 |    25 |    18 ||    50
         Whirlwind         |       |     1 |    15 |     8 ||    24
  Evoke: Wand              |       |     1 |     8 |    24 ||    33
    Use: Scroll            |       |     3 |     6 |    16 ||    25
         Potion            |       |       |       |     4 ||     4
   Stab: Sleeping          |       |     2 |     3 |    14 ||    19
         Paralysed         |       |       |       |     1 ||     1
         Distracted        |       |       |       |     2 ||     2
 Armour: Ring mail         |     6 |    25 |       |       ||    31
         Robe              |     1 |       |       |       ||     1
         Leather armour    |       |    10 |    90 |   207 ||   307
  Dodge: Dodged            |    16 |   114 |   127 |   317 ||   574
  Block: Buckler           |       |       |       |    95 ||    95

Table legend: (Time is in decaauts)
 A = Elapsed time spent in this place.
 B = Non-inter-level travel time spent in this place.
 C = Inter-level travel time spent in this place.
 D = Time resting spent in this place.
 E = Time spent auto-exploring this place.
 F = Levels seen in this place.
 G = Mean time per level.
                   A        B        C        D        E       F      G
               +--------+--------+--------+--------+--------+-----+--------+
         Total |  12585 |  11710 |    875 |   1454 |   7449 |  14 |  898.9 |
       Dungeon |  11053 |  10225 |    828 |   1416 |   6530 |  10 | 1105.3 |
        Temple |     20 |     11 |      9 |      0 |      0 |   1 |   20.0 |
          Lair |   1001 |    963 |     38 |     38 |    685 |   2 |  500.5 |
      Gauntlet |    509 |    509 |      0 |      0 |    234 |   1 |  509.0 |
               +--------+--------+--------+--------+--------+-----+--------+

Top non-repeatable levels by time:
    D:10: 1797 daAuts
     D:7: 1699 daAuts
     D:8: 1420 daAuts
     D:9: 1257 daAuts
     D:4: 985 daAuts
     D:1: 953 daAuts
  Lair:1: 949 daAuts
     D:5: 844 daAuts
     D:3: 758 daAuts
     D:2: 751 daAuts
     D:6: 585 daAuts
Gauntlet: 509 daAuts
  Lair:2: 51 daAuts
  Temple: 20 daAuts
